AoeStats
← toyotaenjoyer

Arena

509989767Analyzed
2v2 RM · 4d ago on Sep 28, 2026· 35m 22s· 4 players
Game mode
Random Map
Map size
Medium (4 player)
Population
200
Speed
Normal
Resources
Standard
Victory
Conquest
Starting age
Dark Age
Ending age
Imperial Age
RankedLock teamsTeams togetherTeam positionsShared explorationLock speedFull tech treeHidden civsTurbo modeCheats
Victory
Defeat
🇻🇪 Bohemians · Venezuela
956
+14
🇻🇪 Japanese · Venezuela
865
+18
🇫🇮 Teutons · Finland
902
-45
🇫🇮 Teutons · Finland
902
-45
toyotaenjoyer
1:01 Loom
13:20 Feudal Age
21:36 Castle Age
Phallero
5:06 Loom
11:12 Feudal Age
16:12 Wheelbarrow
22:11 Castle Age
25:03 Hand Cart
29:07 Horse Collar
33:52 Imperial Age
34:29 Man-at-Arms
34:54 Gambesons
draul225
10:47 Feudal Age
11:32 Double-Bit Axe
15:02 Castle Age
13:09 Horse Collar
17:01 Bow Saw
19:12 Fervor
20:24 Heavy Plow
21:10 Wheelbarrow
23:06 Chemistry
23:29 Loom
23:30 Town Watch
24:40 Hand Cart
29:09 Imperial Age
29:44 Houfnice
32:31 Town Patrol
34:30 Siege Engineers
ponlopallevar
5:59 Loom
13:04 Feudal Age
18:20 Castle Age
18:31 Scale Mail Armor
18:42 Forging
18:30 Double-Bit Axe
18:31 Horse Collar
21:17 Heavy Plow
23:06 Iron Casting
24:22 Gambesons
34:19 Imperial Age
Connection lost

Rejoining the realm…

Still unreachable

The connection could not be restored.

Session expired

The server has moved on; the page needs a fresh start.